 Dungeon Crawl Stone Soup version 0.30-a0-39-g42789b21ef (webtiles) character file.

Game seed: 4293479108723556816

2556 ytrimaz the Transmogrifier (level 9, -2/51 (53) HPs)
             Began as an Octopode Transmuter on Aug 28, 2022.
             Was an Initiate of Ashenzari.
             Slain by a killer bee (8 damage)
             ... on level 7 of the Dungeon.
             The game lasted 00:10:11 (9872 turns).

ytrimaz the Transmogrifier (Octopode Transmuter)    Turns: 9872, Time: 00:10:11

HP:   -2/51 (53)    AC:  1    Str:  9    XL:     9   Next: 56%
MP:   15/20         EV: 17    Int: 19    God:    Ashenzari [......]
Gold: 421           SH:  0    Dex: 13    Spells: 7/23 levels left

rFire   . . .      SeeInvis .      - Unarmed
rCold   . . .      Faith    .    (no shield)
rNeg    + . .      Spirit   .    (helmet restricted)
rPois   .          Reflect  .    (no amulet)
rElec   .          Harm     .    k - ring "Ensconced Together" {rN+, Elem, Melee} (curse)
rCorr   .          Rampage  .    a - +4 ring of evasion
Will    .....                    (no ring)
Stlth   ++........               (no ring)
HPRegen 0.17/turn                (no ring)
MPRegen 0.17/turn                (no ring)
                                 (no ring)
                                 (no ring)

@: lightly drained
A: almost no armour, amphibious, 8 rings, camouflage 1, gelatinous body 1,
(nimble swimmer 1), tentacles
a: Renounce Religion, Curse Item, Shatter the Chains


You were on level 7 of the Dungeon.
You worshipped Ashenzari.
Ashenzari was noncommittal.
You visited 2 branches of the dungeon, and saw 8 of its levels.

You collected 421 gold pieces.

Inventory:

Jewellery
 a - a +4 ring of evasion (right tentacle)
 k - the cursed ring "Ensconced Together" (left tentacle) {rN+, Elem, Melee}
   (You found it on level 4 of the Dungeon)

   [ring of positive energy]

   rN:        It protects you from negative energy.
   It has a curse which improves the following skills: Elements: Fire Magic, Ice
   Magic, Air Magic and Earth Magic.
   Melee Combat: Short Blades, Long Blades, Axes, Maces & Flails, Polearms,
   Staves and Unarmed Combat.
Wands
 r - a wand of iceblast (3)
Scrolls
 c - 2 scrolls of enchant armour
 h - a scroll of amnesia
 j - a scroll of butterflies
 n - a scroll of acquirement
 p - 4 scrolls of poison
 q - a scroll of silence
Potions
 d - a potion of degeneration
 e - a potion of heal wounds
 f - 2 potions of curing
 g - 3 potions of brilliance
 i - 3 potions of mutation
 l - a potion of cancellation
 m - a potion of berserk rage {unknown}
 o - 2 potions of might


   Skills:
 - Level 1.0 Fighting
 - Level 2.0 Dodging
 - Level 4.2(4.6) Unarmed Combat
 + Level 7.9 Spellcasting
 + Level 8.6 Transmutations
 - Level 4.0 Poison Magic


You had 7 spell levels left.
You knew the following spells:

 Your Spells              Type           Power      Damage    Failure   Level
a - Beastly Appendage     Tmut           80%        N/A       1%          1
b - Wereblood             Tmut           40%        N/A       1%          2
c - Spider Form           Tmut/Pois      31%        N/A       1%          3
d - Ice Form              Ice/Tmut       24%        N/A       16%         4
e - Statue Form           Tmut/Erth      16%        N/A       94%         6

Your spell library contained the following spells:

 Spells                   Type           Power      Damage    Failure   Level
 Petrify                  Tmut/Erth      24%        N/A       16%         4
 Metabolic Englaciation   Hex/Ice        3%         N/A       94%         5


Dungeon Overview and Level Annotations

Branches:
Dungeon (7/15)             Temple (1/1) D:7

Altars:
Ashenzari
Cheibriados
Dithmenos
Elyvilon
Fedhas
Gozag
Hepliaklqana
Kikubaaqudgha
Makhleb
Nemelex Xobeh
Okawaru
Qazlal
Ru
Sif Muna
Trog
Uskayaw
Vehumet
Wu Jian
Xom
Yredelemnul
Zin
The Shining One


Innate Abilities, Weirdness & Mutations

You cannot wear most types of armour.
You are amphibious.
You can wear up to eight rings at the same time.
Your skin changes colour to match your surroundings (Stealth+).
Your rubbery body absorbs attacks. (AC +1, EV +1)
((You are camouflaged when in or above water. (Stealth+)))
You have tentacles for arms and can constrict up to eight enemies at once.


Message History

You kill the killer bee!
The killer bee closely misses you.
The howler monkey hoots and howls with incredible vigour!
The killer bee barely misses you. The killer bee stings you.
Unknown command.
Unknown command.
You closely miss the killer bee. The killer bee misses you.
The killer bee completely misses you.
The killer bee stings you but does no damage. x2
Unknown command.
You barely miss the killer bee. The killer bee barely misses you.
The killer bee stings you but does no damage.
The killer bee stings you. The killer bee closely misses you.
Unknown command.
You punch the killer bee! You freeze the killer bee.
The killer bee is heavily wounded.
The killer bee stings you but does no damage.
The killer bee misses you. The killer bee barely misses you.
The killer bee misses you.
Unknown command.
You barely miss the killer bee.
The killer bee is heavily wounded.
You howl as the wereblood boils in your veins!
The killer bee closely misses you. The killer bee stings you.
The orc warrior completely misses you.
The killer bee stings you but does no damage.
The killer bee stings you.
* * * LOW HITPOINT WARNING * * *
Your magical contamination has completely faded away.
Unknown command.
It was a potion of cancellation.
Your magical effects are unravelling.
You feel magically purged.
You howl as the wereblood boils in your veins!
You warm up again.
You feel a little less mighty now.
Your primal bloodlust has ended.
The killer bee closely misses you. The killer bee stings you!
* * * LOW HITPOINT WARNING * * *
The orc warrior completely misses you. The killer bee stings you!
You die...

... .$. ... ### ..#
##. #@## #..##
#..###yy##....#.
#...#ho5o.......
#...#zooo.......
#........###....
#...#....D# . .
###..#.....#
#....#..#..)oo....
##......##.....#...


You could see a steam dragon, an orc warrior, a howler monkey, 2 killer bees, a
wight, a white imp and 4 orcs.

Vanquished Creatures
  Maggie (D:6)
  Prince Ribbit (D:5)
  2 steam dragons
  A water moccasin (D:6)
  3 ogres
  2 black bears (D:6)
  A centaur (D:6)
  2 kobold brigands
  A phantom (D:4)
  A necrophage (D:5)
  8 wights
  A killer bee (D:7)
  A howler monkey (D:4)
  A hound (D:5)
  An orc priest (D:5)
  3 iguanas
  5 orc wizards
  4 gnolls (D:6)
  7 adders
  A shadow imp (D:5)
  An ufetubus (D:6)
  2 worms
  11 orcs
  9 endoplasms
  3 giant cockroaches
  7 goblins
  8 hobgoblins
  17 kobolds
  6 quokkas
  4 ball pythons
  3 bats
  2 rats
120 creatures vanquished.

Notes
Turn   | Place    | Note
-------+----------+-------------------------------------------
     0 | D:1      | ytrimaz the Octopode Transmuter began the quest for the
                  | Orb.
     0 | D:1      | Reached XP level 1. HP: 13/13 MP: 3/3
   293 | D:1      | Reached XP level 2. HP: 18/18 MP: 3/5
   906 | D:2      | Reached XP level 3. HP: 19/23 MP: 4/6
   909 | D:2      | Learned a level 2 spell: Wereblood
   913 | D:2      | Learned a level 3 spell: Spider Form
  1289 | D:2      | Reached skill level 1 in Poison Magic
  1585 | D:2      | Found a blossoming altar of Fedhas.
  1614 | D:2      | Reached XP level 4. HP: 28/28 MP: 5/7
  2489 | D:3      | Noticed a kobold brigand
  2507 | D:3      | Killed a kobold brigand
  2508 | D:3      | Reached XP level 5. HP: 14/32 MP: 2/9
  2752 | D:3      | Found a faded altar of an unknown god.
  3033 | D:3      | Found a basalt altar of Yredelemnul.
  3034 | D:3      | Found a snail-covered altar of Cheibriados.
  3108 | D:3      | Found a glowing golden altar of the Shining One.
  3111 | D:3      | Found a broken altar of Ashenzari.
  3564 | D:4      | Reached skill level 3 in Transmutations
  3567 | D:4      | Noticed an ogre
  3576 | D:4      | Killed an ogre
  3577 | D:4      | Reached XP level 6. HP: 7/38 MP: 6/10
  4754 | D:3      | Became a worshipper of Ashenzari the Shackled
  4803 | D:5      | Entered Level 5 of the Dungeon
  5008 | D:5      | Reached skill level 4 in Transmutations
  5008 | D:5      | Reached XP level 7. HP: 31/43 MP: 9/12
  5123 | D:5      | Noticed Prince Ribbit
  5147 | D:5      | HP: 1/43 [orc wizard/magic dart (5)]
  5148 | D:5      | Killed Prince Ribbit
  5439 | D:4      | Reached skill level 5 in Transmutations
  5932 | D:5      | Identified a scroll of acquirement
  5952 | D:5      | Noticed a steam dragon
  5959 | D:5      | Learned a level 4 spell: Ice Form
  5969 | D:5      | Killed a steam dragon
  5970 | D:5      | Reached skill level 5 in Spellcasting
  5970 | D:5      | Reached XP level 8. HP: 4/48 MP: 11/15
  6554 | D:5      | Reached skill level 6 in Transmutations
  7612 | D:6      | Reached skill level 7 in Transmutations
  8208 | D:6      | Noticed Maggie
  8333 | D:6      | Reached XP level 9. HP: 22/53 MP: 15/19
  8790 | D:6      | Killed Maggie
  8917 | D:6      | Reached skill level 8 in Transmutations
  9133 | D:7      | Learned a level 6 spell: Statue Form
  9656 | D:7      | Found a staircase to the Ecumenical Temple.
  9665 | Temple   | Entered the Ecumenical Temple
  9842 | D:7      | HP: 1/58 [steam dragon/ball of steam (15)]
  9872 | D:7      | Slain by a killer bee

Illustrated notes

Levels and vault maps discovered:
D:1:      minmay_arrival_open_corners, layout_basic
D:2:      layout_loops_cross, basic_altar, hangedman_decor_peaks_small
D:3:      cheibrodos_thug_alley, layout_loops_ring,
          nicolae_overflow_hidden_temple, hellmonk_ecumenical_altar_run_dry,
          grunt_decor_arrowhead, minmay_diced_spiral
D:4:      layout_loops_ring
D:5:      layout_gridville, kennysheep_generic_room_6, uniq_prince_ribbit1
D:6:      layout_basic, serial_glass, glass_columns_a, glass_columns_b,
          uniq_maggie
D:7:      layout_cave_pools, minmay_temple_entry_enclosed_plants,
          nicolae_shop_overcharged_wands, uniq_joseph
Temple:   regret_index_temple_chain_breaker

Skill      XL: |  1  2  3  4  5  6  7  8  9 |
---------------+----------------------------+-----
Unarmed Combat | 4 |  4.2
Poison Magic   | 1 3 4 |  4.0
Transmutations | 3 4 5 7 8 |  8.6
Spellcasting   | 3 5 6 7 |  7.9
Fighting       | |  1.0
Dodging        | |  2.0

Action                   |  1- 3 |  4- 6 |  7- 9 || total
-------------------------+-------+-------+-------++-------
Melee: Unarmed           |    55 |   122 |   228 ||   405
       Tentacles         |    14 |    11 |     2 ||    27
       Constrict         |    14 |     9 |     3 ||    26
       Kick              |    11 |    13 |       ||    24
       Punch             |     2 |       |     1 ||     3
 Cast: Beastly Appendage |    15 |    17 |     1 ||    33
       Spider Form       |       |     7 |    18 ||    25
       Wereblood         |       |     1 |     6 ||     7
       Ice Form          |       |       |    12 ||    12
Invok: Curse Item        |       |       |     1 ||     1
  Use: Scroll            |       |     7 |    11 ||    18
       Potion            |       |     1 |     7 ||     8
 Stab: Sleeping          |     4 |     5 |       ||     9
Armor: Skin              |       |    13 |    46 ||    59
Dodge: Dodged            |    36 |    90 |   236 ||   362

Table legend: (Time is in decaauts)
 A = Elapsed time spent in this place.
 B = Non-inter-level travel time spent in this place.
 C = Inter-level travel time spent in this place.
 D = Time resting spent in this place.
 E = Time spent auto-exploring this place.
 F = Levels seen in this place.
 G = Mean time per level.
                   A        B        C        D        E       F      G
               +--------+--------+--------+--------+--------+-----+--------+
         Total |   9843 |   9459 |    384 |   1666 |   6543 |   8 | 1230.4 |
       Dungeon |   9715 |   9338 |    377 |   1666 |   6440 |   7 | 1387.9 |
        Temple |    128 |    121 |      7 |      0 |    103 |   1 |  128.0 |
               +--------+--------+--------+--------+--------+-----+--------+

Top non-repeatable levels by time:
     D:4: 1983 daAuts
     D:5: 1896 daAuts
     D:6: 1627 daAuts
     D:3: 1497 daAuts
     D:2: 1221 daAuts
     D:1: 851 daAuts
     D:7: 637 daAuts
  Temple: 128 daAuts
